 Dungeon Crawl Stone Soup version 0.22.0-60-ga52c2fc (webtiles) character file.

555 Anon1729 the Chopper (level 7, -1/94 HPs)
             Began as a Naga Gladiator on Sept 9, 2018.
             Slain by a steam dragon (4 damage)
             ... on level 5 of the Dungeon.
             The game lasted 00:07:03 (5342 turns).

Anon1729 the Chopper (Naga Gladiator)               Turns: 5342, Time: 00:07:04

Health: -1/94      AC:  5    Str: 21    XL:     7   Next: 30%
Magic:  7/7        EV: 10    Int: 16    God:
Gold:   228        SH:  0    Dex: 12    Spells: 6/6 levels left

rFire    . . .     SeeInvis +   a - +0 war axe
rCold    . . .     Gourm    .   (no shield)
rNeg     . . .     Faith    .   b - +0 leather armour
rPois    +         Spirit   .   c - +0 helmet
rElec    .         Reflect  .   (no cloak)
rCorr    .         Harm     .   (no gloves)
MR       .....                  (no barding)
Stlth    ..........             (no amulet)
HPRegen  0.25/turn              (no ring)
MPRegen  0.10/turn              (no ring)

@: brilliant, berserking, flying, drained, quick
A: large, see invisible, deformed body, poison resistance, slowness 2, slow
metabolism 1, spit poison 1, AC +2
a: Spit Poison


You were on level 5 of the Dungeon.
You were not hungry.

You visited 1 branch of the dungeon, and saw 5 of its levels.

You collected 228 gold pieces.

Inventory:

Hand Weapons
 a - a +0 war axe (weapon)
Missiles
 d - 2 throwing nets
 q - 11 tomahawks (quivered)
Armour
 b - a +0 leather armour (worn)
 c - a +0 helmet (worn)
Jewellery
 i - an uncursed ring of poison resistance {unknown}
Wands
 o - a wand of digging (12)
 t - a wand of acid (7)
Scrolls
 e - 3 scrolls of teleportation {unknown}
 g - 6 scrolls of identify {unknown}
 j - 4 scrolls of remove curse {unknown}
 m - a scroll of fog {unknown}
 n - 3 scrolls of enchant armour {unknown}
 s - a scroll of blinking {unknown}
 x - a scroll of magic mapping {unknown}
Potions
 h - a potion of degeneration {unknown}
 k - a potion of might {unknown}
 l - a potion of heal wounds
 p - a potion of flight
 r - a potion of invisibility {unknown}
 u - a potion of brilliance
Comestibles
 f - 6 rations
 w - 3 chunks of flesh


   Skills:
 + Level 3.9(2.9) Fighting
 * Level 5.9(4.8) Axes
 - Level 2.0(1.0) Throwing
 + Level 2.7(1.7) Armour
 - Level 3.0(1.9) Dodging


You had 6 spell levels left.
You didn't know any spells.
Your spell library was empty.

Dungeon Overview and Level Annotations

Branches:
Dungeon (5/15)
 Temple: D:4-7

Altars:
Xom
Yredelemnul

Annotations:
D:4 2 transporters, TheNamelessOne's ghost, novice FoFi


Innate Abilities, Weirdness & Mutations

You cannot wear boots.
Your serpentine skin is tough. (AC +2)
You have supernaturally acute eyesight. (SInv)
Armour fits poorly on your strangely shaped body.
Your system is resistant to poisons. (rPois)
You cover ground very slowly.
You have a slow metabolism.
You can spit poison.


Message History

* * * LOW HITPOINT WARNING * * *
It was a potion of brilliance.
You feel clever all of a sudden. The steam dragon barely misses you.
The steam dragon claws you.
* * * LOW HITPOINT WARNING * * *
It was a potion of berserk rage.
A red film seems to cover your vision as you go berserk!
You feel yourself moving faster!
You feel mighty! The steam dragon bites you.
* * * LOW HITPOINT WARNING * * *
The steam dragon barely misses you.
You barely miss the steam dragon. The steam dragon breathes steam at you.
The ball of steam hits you!
* * * LOW HITPOINT WARNING * * *
The steam dragon barely misses you. The steam dragon claws you.
* * * LOW HITPOINT WARNING * * *
You barely miss the steam dragon.
The steam dragon bites you but does no damage.
The steam dragon claws you.
You die...

## ## ..# #.. #.....
#.##.#.. .......
..... ###.>#
#....#######
#.##......ยง@..#
###.......##D#.....#
.....###..##.#.....#
...< #..##....$..#
#.###..####.....#
#...............#
#.##.#.##########
#.##.#.## #......^#


You could see a steam dragon.

Vanquished Creatures
  A phantom (D:4)
  A scorpion (D:4)
  2 howler monkeys
  4 worker ants (D:4)
  An orc wizard (D:4)
  Robin (D:3)
  9 adders
  An adder zombie (D:5)
  An adder skeleton (D:4)
  A worm (D:2)
  3 dart slugs
  3 leopard geckos
  11 orcs
  3 giant cockroaches
  11 goblins
  11 hobgoblins
  7 jackals
  A ball python (D:4)
  9 bats
  8 frilled lizards
  2 gnoll zombies (D:2)
  7 kobolds
  A leopard gecko skeleton (D:4)
  A quokka skeleton (D:4)
  7 rats
107 creatures vanquished.

Notes
Turn   | Place    | Note
-------+----------+-------------------------------------------
     0 | D:1      | Anon1729 the Naga Gladiator began the quest for the Orb.
     0 | D:1      | Reached XP level 1. HP: 19/19 MP: 1/1
   401 | D:1      | Reached XP level 2. HP: 19/26 MP: 2/2
   778 | D:1      | Reached XP level 3. HP: 25/32 MP: 3/3
  1170 | D:2      | Reached skill level 1 in Armour
  1224 | D:2      | Found a shimmering altar of Xom.
  1263 | D:2      | Reached XP level 4. HP: 14/40 MP: 4/4
  1794 | D:2      | Found a basalt altar of Yredelemnul.
  1993 | D:2      | Reached skill level 4 in Axes
  1993 | D:2      | Reached XP level 5. HP: 15/46 MP: 5/5
  2729 | D:3      | Noticed Robin
  2737 | D:3      | Killed Robin
  3598 | D:4      | Reached XP level 6. HP: 36/56 MP: 6/6
  3778 | D:4      | Noticed a phantom
  3786 | D:4      | Reached skill level 5 in Axes
  4037 | D:4      | Killed a phantom
  4413 | D:4      | Reached XP level 7. HP: 19/63 MP: 7/7
  5151 | D:4      | Found a transporter.
  5154 | D:4      | Noticed TheNamelessOne's ghost (novice FoFi)
  5167 | D:4      | Found a transporter.
  5303 | D:5      | Entered Level 5 of the Dungeon
  5328 | D:5      | Noticed a steam dragon
  5340 | D:5      | HP: 4/94 [steam dragon/ball of steam (12)]
  5342 | D:5      | Slain by a steam dragon

Skill      XL: |  1  2  3  4  5  6 |
---------------+-------------------+-----
Throwing       | 2 |  2.0
Armour         | 1 2 |  2.7
Axes           | 4 5 |  5.9
Dodging        | 3 |  3.0
Fighting       | 3 |  3.9

Action                   |  1- 3 |  4- 6 |  7- 9 || total
-------------------------+-------+-------+-------++-------
Melee: War axe           |   107 |   208 |    40 ||   355
Throw: Throwing net      |       |     1 |       ||     1
 Abil: Spit Poison       |     2 |    21 |     3 ||    26
  Use: Potion            |       |       |     4 ||     4
  Eat: Chunk             |       |    10 |     2 ||    12
Armor: Leather armour    |    40 |    78 |    15 ||   133
Dodge: Dodged            |    73 |   144 |    26 ||   243
